 Dungeon Crawl Stone Soup version 0.20.1-1-g8b1a95d (webtiles) character file.

5990 pskda the Protected (level 10, 0/53 HPs)
             Began as a Vine Stalker Fighter on Nov 22, 2017.
             Was a Follower of Uskayaw.
             Slain by an orc knight
             ... wielding a +0 great sword
              (19 damage)
             ... on level 11 of the Dungeon.
             The game lasted 00:54:42 (9056 turns).

pskda the Protected (Vine Stalker Fighter)          Turns: 9056, Time: 00:54:43

Health: 0/53       AC: 27    Str: 23    XL:     10   Next: 85%
Magic:  0/11       EV:  2    Int:  8    God:    Uskayaw [*.....]
Gold:   523        SH: 11    Dex: 13    Spells: 9/9 levels left

rFire    . . .     SeeInvis .   a - +0 war axe
rCold    . . .     Gourm    .   c - +0 shield
rNeg     . . .     Faith    .   k - +3 crystal plate armour
rPois    .         Spirit   +   f - +0 helmet
rElec    .         Reflect  .   (no cloak)
rCorr    .         Harm     .   B - +1 pair of gloves
MR       +....                  q - +0 pair of boots
Stlth    ..........             (no amulet)
Regen    0.6/turn               (no ring)
MPRegen  0.2/turn               (no ring)

@: no status effects
A: fangs 3, regeneration 1, magic shield, antimagic bite, no potion heal 3, rot
immunity
a: Stomp, Renounce Religion


You were on level 11 of the Dungeon.
You worshipped Uskayaw.
Uskayaw was noncommittal.
You were not hungry.

You visited 2 branches of the dungeon, and saw 12 of its levels.

You collected 523 gold pieces.

Inventory:

Hand Weapons
 a - a +0 war axe (weapon)
Armour
 c - a +0 shield (worn)
 f - a +0 helmet (worn)
 k - a +3 crystal plate armour (worn)
 q - a +0 pair of boots (worn)
 B - a +1 pair of gloves (worn)
Wands
 h - a wand of acid (4/15)
 E - a wand of confusion (6/48)
 F - a wand of flame (21/48)
Scrolls
 e - 5 scrolls of identify
 m - a scroll of fear
 o - a scroll of magic mapping
 r - a scroll of remove curse
 y - 2 scrolls of recharging
Potions
 d - 4 potions of might
 g - 5 potions of lignification {unknown}
 i - 2 potions of ambrosia {unknown}
 j - 8 potions of curing {unknown}
 l - 2 potions of flight {unknown}
 p - a potion of haste {unknown}
 t - 2 potions of cancellation {unknown}
 v - a potion of brilliance {unknown}
 w - 2 potions of berserk rage {unknown}
 C - 3 potions of agility {unknown}
 D - a potion of heal wounds {unknown}
Books
 s - a book of Air

   Spells                             Type                      Level
   a - Shock                          Conjuration/Air              1
   b - Swiftness                      Charms/Air                   2
   c - Static Discharge               Conjuration/Air              3
   d - Airstrike                      Air                          4
   e - Lightning Bolt                 Conjuration/Air              5
 u - a book of Changes

   Spells                             Type                      Level
   a - Beastly Appendage              Transmutation                1
   b - Sticks to Snakes               Transmutation                2
   c - Spider Form                    Transmutation/Poison         3
   d - Ice Form                       Ice/Transmutation            4
   e - Blade Hands                    Transmutation                5
 z - a Young Poisoner's Handbook

   Spells                             Type                      Level
   a - Sting                          Conjuration/Poison           1
   b - Poisonous Vapours              Poison/Air                   2
   c - Mephitic Cloud                 Conjuration/Poison/Air       3
   d - Olgreb's Toxic Radiance        Poison                       4
   e - Venom Bolt                     Conjuration/Poison           5
Comestibles
 b - 10 fruits
 n - 16 royal jellies
 x - a meat ration


   Skills:
 + Level 6.3 Fighting
 - Level 7.9 Axes
 - Level 9.0 Armour
 + Level 6.5 Shields


You had 9 spell levels left.
You didn't know any spells.

Dungeon Overview and Level Annotations

Branches:
Dungeon (11/15)            Temple (1/1) D:6            Lair (0/6) D:10
    Orc: D:9-12

Altars:
Ashenzari
Cheibriados
Elyvilon
Fedhas
Gozag
Hepliaklqana
Kikubaaqudgha
Makhleb
Nemelex Xobeh
Okawaru
Ru
Sif Muna
Uskayaw
Vehumet
Xom
Yredelemnul
Zin


Innate Abilities, Weirdness & Mutations

You have razor-sharp teeth.
Your natural rate of healing is unusually fast.
When hurt, damage is shared between your health and your magic reserves.
Your bite disrupts and absorbs the magic of your enemies.
Potions cannot restore your health.
You are immune to rotting.


Message History

You block the orc knight's attack.
You slash the orc knight! Your bite misses the orc knight.
The orc knight is severely wounded.
You block the orc knight's attack.
You can now pass through a line of other dancers.
You hit the orc knight but do no damage.
The orc knight is severely wounded.
The orc knight hits you but does no damage.
You closely miss the orc knight.
The orc knight is severely wounded.
The orc knight hits you with a great sword!
Your shield and crystal plate armour prevent you from hitting the orc knight.
The orc knight is severely wounded.
You block the orc knight's attack.
You can no longer pass through a line of other dancers.
You hit the orc knight.
You bite the orc knight, but do no damage.
The orc knight is severely wounded.
The orc knight hits you with a great sword!!
You die...

#...# #...# #...#
#...# #...# #...#
##############...###
#..@o...............
#.##################
#.# #.# #.#
#.####### #........
#.....[.. #.#######


You could see an orc knight.

Vanquished Creatures
  Pikel (D:4)
  A manticore (D:10)
  A gargoyle (D:10)
  2 hippogriffs
  2 soldier ants (D:10)
  2 hell hounds (D:10)
  2 ice beasts
  5 orc warriors
  3 sky beasts
  3 phantoms
  7 ogres
  A black bear (D:6)
  2 centaurs
  A big kobold (D:9)
  6 bullfrogs
  A wyvern skeleton (D:10)
  5 scorpions
  4 howler monkeys
  2 crimson imps
  A quasit (D:9)
  2 bullfrog zombies
  An orc priest (D:5)
  A jelly (D:7)
  A bullfrog skeleton (D:8)
  2 hounds (D:5)
  14 orc wizards
  8 worker ants
  A hound zombie (D:6)
  2 worker ant zombies
  3 gnolls (D:7)
  A howler monkey zombie (D:6)
  A howler monkey skeleton (D:7)
  9 adders
  3 shadow imps
  An adder skeleton (D:8)
  A worm (D:4)
  3 leopard geckos
  26 orcs
  2 ball pythons (D:1)
  4 giant cockroaches
  9 goblins
  9 hobgoblins
  5 jackals
  3 quokkas
  11 bats
  5 frilled lizards
  14 kobolds
  4 rats
  2 plants (D:10)
200 creatures vanquished.

Vanquished Creatures (others)
  A human (D:4)
  A leopard gecko (D:4)
  An orc (D:6)
  A quokka (D:6)
4 creatures vanquished.

Grand Total: 204 creatures vanquished

Notes
Turn   | Place    | Note
-------+----------+-------------------------------------------
     0 | D:1      | pskda the Vine Stalker Fighter began the quest for the Orb.
     0 | D:1      | Reached XP level 1. HP: 11/11 MP: 2/2
   197 | D:1      | Reached XP level 2. HP: 16/16 MP: 3/3
   856 | D:2      | Reached XP level 3. HP: 15/19 MP: 2/4
  1177 | D:2      | Found a burning altar of Makhleb.
  1271 | D:2      | Found a basalt altar of Yredelemnul.
  1415 | D:2      | Reached skill level 3 in Armour
  1787 | D:3      | Gained mutation: Your natural rate of healing is unusually fast. [Vine Stalker growth]
  1787 | D:3      | Reached XP level 4. HP: 18/23 MP: 5/5
  1988 | D:3      | Found a hide-covered altar of Uskayaw.
  2114 | D:3      | Became a worshipper of Uskayaw the Reveler
  2159 | D:3      | Reached * piety under Uskayaw
  2501 | D:4      | Found an ancient bone altar of Kikubaaqudgha.
  2503 | D:4      | Noticed a human
  2505 | D:4      | Killed a human
  2554 | D:4      | Noticed an ogre
  2559 | D:4      | Reached ** piety under Uskayaw
  2585 | D:4      | Killed an ogre
  2585 | D:4      | Reached skill level 4 in Armour
  2585 | D:4      | Reached XP level 5. HP: 9/28 MP: 1/6
  2585 | D:4      | Reached *** piety under Uskayaw
  2590 | D:4      | Noticed a phantom
  2656 | D:4      | Killed a phantom
  2656 | D:4      | Reached XP level 6. HP: 30/32 MP: 7/7
  2783 | D:4      | Noticed a slave
  2783 | D:4      | Noticed a slave
  2784 | D:4      | Noticed a slave
  2784 | D:4      | Noticed Pikel
  2784 | D:4      | Noticed a slave
  2877 | D:4      | Killed Pikel
  2877 | D:4      | Reached skill level 5 in Axes
  2877 | D:4      | Reached skill level 5 in Armour
  2877 | D:4      | Reached XP level 7. HP: 29/35 MP: 3/8
  3245 | D:5      | Entered Level 5 of the Dungeon
  3245 | D:5      | Found a radiant altar of Vehumet.
  3311 | D:5      | Reached **** piety under Uskayaw
  3363 | D:5      | Found an opulent altar of Gozag.
  3477 | D:5      | Gained mutation: You have razor-sharp teeth. [Vine Stalker growth]
  3477 | D:5      | Reached XP level 8. HP: 34/39 MP: 7/9
  3655 | D:5      | Reached skill level 6 in Armour
  4228 | D:6      | Found a white marble altar of Elyvilon.
  4421 | D:6      | Reached skill level 7 in Armour
  4522 | D:6      | Reached XP level 9. HP: 43/43 MP: 10/10
  4835 | D:6      | Found a staircase to the Ecumenical Temple.
  4850 | Temple   | Entered the Ecumenical Temple
  6248 | D:7      | Reached skill level 8 in Armour
  6530 | D:7      | Found an iron altar of Okawaru.
  6692 | D:8      | Got a slimy ring mail
  6918 | D:8      | You fall through a shaft!
  6944 | D:9      | Reached XP level 10. HP: 47/51 MP: 9/11
  7557 | D:9      | Reached skill level 5 in Shields
  7561 | D:9      | Reached skill level 5 in Fighting
  7768 | D:9      | Noticed a seven-headed hydra
  8014 | D:10     | Entered Level 10 of the Dungeon
  8042 | D:10     | Found a staircase to the Lair.
  8171 | D:10     | Noticed a gargoyle
  8182 | D:10     | Killed a gargoyle
  8212 | D:10     | Noticed a manticore
  8213 | D:10     | Found a burning altar of Makhleb.
  8224 | D:10     | Killed a manticore
  8224 | D:10     | Reached skill level 9 in Armour
  8300 | D:10     | Got a translucent ring mail
  9024 | D:11     | Noticed an orc knight
  9056 | D:11     | Slain by an orc knight

Skill      XL: |  1  2  3  4  5  6  7  8  9 10 |
---------------+-------------------------------+-----
Axes           | 2 3 4 5 7 |  7.9
Armour         | 3 4 5 7 8 9 |  9.0
Shields        | 4 6 |  6.5
Fighting       | 4 6 |  6.3

Action                   |  1- 3 |  4- 6 |  7- 9 | 10-12 || total
-------------------------+-------+-------+-------+-------++-------
Melee: War axe           |   136 |   117 |   338 |   264 ||   855
       Bite              |    32 |    26 |   105 |    84 ||   247
Invok: Stomp             |       |     1 |       |     1 ||     2
Evoke: Wand              |       |       |       |     1 ||     1
  Use: Scroll            |     5 |       |     5 |     5 ||    15
 Stab: Paralysed         |       |       |    11 |    11 ||    22
  Eat: Chunk             |     2 |       |     2 |       ||     4
       Bread ration      |       |     1 |     2 |       ||     3
       Fruit             |       |       |     2 |       ||     2
       Meat ration       |       |       |     1 |     1 ||     2
Armor: Scale mail        |    38 |       |       |       ||    38
       Crystal plate arm |    89 |   173 |   326 |   226 ||   814
Dodge: Dodged            |    33 |    10 |    24 |    27 ||    94
Block: Shield            |   110 |    96 |   162 |   155 ||   523
